[Event "Late-Titled-Tuesday-Blitz-March-05-2024"]
[Site "Chess.com"]
[Date "2024.03.05"]
[Round "1"]
[White "Eloist"]
[Black "Lennis93"]
[Result "1-0"]
[WhiteElo "2433"]
[BlackElo "2691"]
[TimeControl "180+1"]
[EndTime "14:05:56 PST"]
[Termination "Eloist won on time"]

1. e4 e5 2. Bc4 Nc6 3. Nf3 Nf6 4. d3 Bc5 5. O-O h6 6. c3 d6 7. Nbd2 a5 8. Re1 O-O 9. Nf1 Ba7 10. Be3 Bb8 11.
Ng3 Ne7 12. Bb3 c6 13. d4 Ng6 14. a4 Ba7 15. h3 Qc7 16. Bc2 Re8 17. Nf5 Bxf5 18.
exf5 Ne7 19. dxe5 dxe5 20. Bxa7 Rxa7 21. Rxe5 Raa8 22. Qe2 Ned5 23. Re1 Qb6 24. Bd3 Nf4 25. Qe3 Qxe3 26. R1xe3 Red8 27. Bc4 Rd1+ 28. Re1 Rd7 29. Re7 Rad8 30. Bxf7+ Kf8 31. Rxd7 Rxd7 32. Bc4 Nd3 33. Re2 Nc5 34. Nd4 Nxa4 35. Ne6+ 1-0

[Event "Late-Titled-Tuesday-Blitz-March-05-2024"]
[Site "Chess.com"]
[Date "2024.03.05"]
[Round "1"]
[White "Alphafischer2019"]
[Black "Bkmzzzzz"]
[Result "1-0"]
[WhiteElo "2722"]
[BlackElo "2426"]
[TimeControl "180+1"]
[EndTime "14:05:58 PST"]
[Termination "Alphafischer2019 won by checkmate"]

1. Nf3 d6 2. d4 Nd7 3. c4 f5 4.
Nc3 Ngf6 5. g3 g6 6. Bg2 Bg7 7. O-O O-O 8. Qc2 e5 9. dxe5 Nxe5 10. b3 Qe7 11. Bb2 h6 12. Rad1 Kh7 13. Nb5 a6 14. Nc3 Rb8 15. a4 b6 16. Nd5 Nxd5 17. cxd5 Bb7 18.
Nd4 Rfc8 19. Ne6 Bf6 20. e4 c6 21. Bxe5 dxe5 22. exf5 cxd5 23. fxg6+ Kg8 24. Qf5 Re8 25.
Nc7 Qxc7 26. Qxf6 e4 27. Rfe1 Rbd8 28. Bh3 Rd6 29. Qf4 Qd8 30. Qxh6 Re7 31. Rxe4 dxe4 32.
Be6+ Rdxe6 33. Rxd8+ Re8 34. Qh7+ Kf8 35. Qf7# 1-0

[Event "Late-Titled-Tuesday-Blitz-March-05-2024"]
[Site "Chess.com"]
[Date "2024.03.05"]
[Round "1"]
[White "DonJuan_34"]
[Black "Franmu14"]
[Result "1-0"]
[WhiteElo "2451"]
[BlackElo "2719"]
[TimeControl "180+1"]
[EndTime "14:06:00 PST"]
[Termination "DonJuan_34 won by resignation"]

1. d4 d5 2. c4 e6 3. Nc3 Nf6 4. Bg5 Nbd7 5. cxd5 exd5 6. Qc2 c6 7. e3 h6 8. Bh4 Be7 9. Bd3 Nh5 10. Bxe7 Qxe7 11.
Nge2 Nb6 12. O-O Nf6 13. Ng3 Be6 14. Nf5 Bxf5 15. Bxf5 g6 16. Bd3 h5 17. a4 a5 18.
Rfe1 O-O 19. Qb3 Qb4 20. Qc2 Kg7 21. b3 Qd6 22. e4 dxe4 23. Nxe4 Qxd4 24. Rad1 Nxe4 25.
Bxe4 Qf6 26. Qc5 Ra6 27. Bd3 Nd7 28. Qe3 Raa8 29. Bxg6 Qxg6 30. Rxd7 Rfe8 31. Qd4+ Kh7 32. Rxe8 Rxe8 33. h4 Re4 34. Qd3 Re1+ 35. Kh2 Qxd3 36. Rxd3 Rb1 37. f3 Kg6 38. g4 hxg4 39. fxg4 b5 40. axb5 cxb5 41. Kg3 Rc1 42. Kf4 b4 43.
Rd6+ Kg7 44. Rd3 Kf6 45. Rd6+ Ke7 46. Rd5 Ra1 47. h5 Ra3 48. h6 Rxb3 49. h7 Rh3 50. Rh5 1-0

[Event "Late-Titled-Tuesday-Blitz-March-05-2024"]
[Site "Chess.com"]
[Date "2024.03.05"]
[Round "1"]
[White "subham777"]
[Black "TheMagician"]
[Result "1-0"]
[WhiteElo "2583"]
[BlackElo "2217"]
[TimeControl "180+1"]
[EndTime "14:06:01 PST"]
[Termination "subham777 won by resignation"]

1. e4 c6 2. c4 d5 3. cxd5 cxd5 4. exd5 Nf6 5. Nf3 Nxd5 6. Nc3 e6 7. d4 Nc6 8. Bc4 Be7 9. O-O O-O 10. Re1 Nb6 11.
Bb3 Bf6 12. Be3 Nb4 13. a3 N4d5 14. Rc1 Bd7 15. Nxd5 Nxd5 16. Bxd5 exd5 17. Ne5 Bxe5 18. dxe5 Be6 19. Qd4 Qd7 20. Rc3 a6 21. Rec1 Rac8 22. Qb6 Rxc3 23. Rxc3 h6 24. Rc7 Qb5 25. Qxb5 axb5 26. Rxb7 d4 27. Bd2 Bc4 28. f4 Re8 29. Rd7 d3 30. b3 Bxb3 31. Rxd3 Bc4 32. Rd4 Ra8 33. Bb4 Rf8 34. Bxf8 Kxf8 35. a4 Ke7 36. a5 1-0

[Event "Late-Titled-Tuesday-Blitz-March-05-2024"]
[Site "Chess.com"]
[Date "2024.03.05"]
[Round "1"]
[White "Mr_Heisenberg13"]
[Black "SergioMoralesG"]
[Result "1-0"]
[WhiteElo "2816"]
[BlackElo "2484"]
[TimeControl "180+1"]
[EndTime "14:06:03 PST"]
[Termination "Mr_Heisenberg13 won by resignation"]

1. d4 d5 2. Nf3 Nf6 3. c4 c6 4. cxd5 cxd5 5. Nc3 Nc6 6. Bf4 Bf5 7.
Qb3 Na5 8. Qa4+ Bd7 9. Qc2 e6 10. e3 Rc8 11. Bd3 Bb4 12. O-O Nh5 13. Bg5 f6 14. Bh4 g5 15. Bg3 Nxg3 16. hxg3 g4 17. Nd2 f5 18. Nb3 h5 19. Nxa5 Bxa5 20. Qb3 h4 21. Nxd5 exd5 22. Qxd5 Bc7 23. Bxf5 Bxf5 24.
Qxf5 Qd7 25. Qg6+ Qf7 26. Qxg4 Qd7 27. Qe4+ Kd8 28. gxh4 Qe7 29. Qxe7+ Kxe7 30. g3 Rcg8 31. Rac1 Kd7 32. Kh1 Rg4 33. Kg2 Rhxh4 34. Kf3 1-0

[Event "Late-Titled-Tuesday-Blitz-March-05-2024"]
[Site "Chess.com"]
[Date "2024.03.05"]
[Round "1"]
[White "Mikasinski"]
[Black "AlejandroArias"]
[Result "1-0"]
[WhiteElo "2651"]
[BlackElo "2364"]
[TimeControl "180+1"]
[EndTime "14:06:04 PST"]
[Termination "Mikasinski won by checkmate"]

1. e4 c5 2. Nf3 g6 3. d4 cxd4 4. Nxd4 Nc6 5. Nc3 Bg7 6. Be3 Nf6 7. Bc4 Qa5 8. O-O O-O 9. Nb3 Qc7 10. f4 d6 11. Be2 a6 12. g4 b5 13. g5 Nd7 14.
Nd5 Qd8 15. Nd4 Bb7 16. f5 Nxd4 17. Bxd4 Bxd4+ 18. Qxd4 Bxd5 19. exd5 Qb6 20. Rad1 Rac8 21. c3 Qxd4+ 22. Rxd4 gxf5 23. Rxf5 Ne5 24. h4 Rc5 25.
Kf2 Rb8 26. Ke3 a5 27. a3 Nc4+ 28. Bxc4 bxc4 29. Rf2 Rb7 30. h5 Kg7 31. Rdf4 f6 32.
gxf6+ exf6 33. Rxf6 Rxd5 34. h6+ Kg8 35. Rf8# 1-0

[Event "Late-Titled-Tuesday-Blitz-March-05-2024"]
[Site "Chess.com"]
[Date "2024.03.05"]
[Round "1"]
[White "secretworker2027"]
[Black "Vse_po_kaify"]
[Result "1-0"]
[WhiteElo "2653"]
[BlackElo "2385"]
[TimeControl "180+1"]
[EndTime "14:06:07 PST"]
[Termination "secretworker2027 won on time"]

1. d4 Nf6 2. Nf3 c5 3. c3 b6 4. Bg5 e6 5. e4 h6 6. Bh4 g5 7. Bg3 Nxe4 8. dxc5 Bxc5 9. b4 Nxg3 10. hxg3 Be7 11. Nbd2 Bb7 12. Bd3 Bf6 13. Rc1 Kf8 14.
Ne4 Bxe4 15. Bxe4 d5 16. Bd3 Kg7 17. O-O Nd7 18. c4 dxc4 19. Bxc4 Ne5 20. Nxe5 Bxe5 21. Qe2 Qf6 22. b5 Rac8 23. Bd3 Bd4 24. Rc6 Rcd8 25. Rc7 h5 26. Bc4 Rd6 27. Qf3 Qxf3 28. gxf3 h4 29.
Kg2 h3+ 30. Kh2 Rh6 31. Rd1 Rf6 32. Kxh3 Rxf3 33. Kg4 Rxf2 34. Bxe6 Rxe6 35. Rxd4 Rxa2 36. Rd5 Rg6 37. Rf5 Ra4+ 38. Kh3 g4+ 39. Kh4 Rh6+ 40. Kg5 Rf6 41. Rxf6 1-0

[Event "Late-Titled-Tuesday-Blitz-March-05-2024"]
[Site "Chess.com"]
[Date "2024.03.05"]
[Round "1"]
[White "yuriydovzik"]
[Black "bipe137"]
[Result "0-1"]
[WhiteElo "2079"]
[BlackElo "2549"]
[TimeControl "180+1"]
[EndTime "14:06:10 PST"]
[Termination "bipe137 won on time"]

1. Nf3 d5 2. c4 e6 3. e3 Nf6 4.
b3 Be7 5. Bb2 O-O 6. Nc3 a5 7. d4 b6 8. Bd3 Bb7 9. cxd5 exd5 10.
Ne5 Nbd7 11. f4 Ne4 12. Nxe4 dxe4 13. Bb5 Bb4+ 14. Kf2 Nxe5 15. dxe5 Qe7 16. Qc2 Bc5 17. g3 Bd5 18. Rad1 c6 19. Bc4 Rad8 20. Bxd5 cxd5 21. Bd4 Bxd4 22. Rxd4 Rc8 23. Qd2 f6 24. exf6 Qxf6 25.
Rxd5 Kh8 26. Rc1 h6 27. Rd6 Qf5 28. Rxc8 Qxc8 29. Rxb6 Qg4 30. Qe2 Qh3 31. Kg1 Rc8 32. Qd2 Qg4 0-1

[Event "Late-Titled-Tuesday-Blitz-March-05-2024"]
[Site "Chess.com"]
[Date "2024.03.05"]
[Round "1"]
[White "ThaBarWa"]
[Black "NateSolon"]
[Result "0-1"]
[WhiteElo "2400"]
[BlackElo "2691"]
[TimeControl "180+1"]
[EndTime "14:06:11 PST"]
[Termination "NateSolon won by resignation"]

1. c4 e6 2. Nc3 d5 3. d4 c5 4. cxd5 cxd4 5. Qa4+ Bd7 6. Qxd4 exd5 7. Qxd5 Nf6 8. Qd1 Bc5 9. Nf3 O-O 10. e3 Nc6 11.
Be2 Qe7 12. O-O Rfd8 13. Qb3 Ne5 14. Nxe5 Qxe5 15. Qxb7 Rab8 16. Qf3 Bd6 17. g3 h5 18. Rd1 Bg4 19. Qf4 Qe6 20. Qg5 Be5 21. Bxg4 hxg4 22. Bd2 Rxb2 23. Be1 Rc8 24. Rac1 Rcb8 25. Ne4 0-1

[Event "Late-Titled-Tuesday-Blitz-March-05-2024"]
[Site "Chess.com"]
[Date "2024.03.05"]
[Round "1"]
[White "BebeBonito2022"]
[Black "Bryanl106"]
[Result "0-1"]
[WhiteElo "2313"]
[BlackElo "2619"]
[TimeControl "180+1"]
[EndTime "14:06:11 PST"]
[Termination "Bryanl106 won on time"]

1. d4 Nf6 2. c4 c5 3. d5 g6 4.
Nc3 d6 5. e4 Bg7 6. Nf3 O-O 7.
h3 Na6 8. Bd3 e6 9. O-O Nc7 10.
Bf4 Nh5 11. Be3 e5 12. Nh2 Nf4 13. Bc2 f5 14. Qd2 Qh4 15. Nf3 Nxh3+ 16. gxh3 Qxh3 17. Qe2 f4 18. Bd2 h6 19. Rfe1 g5 20. Bd1 g4 21.
Nh2 g3 0-1

[Event "Late-Titled-Tuesday-Blitz-March-05-2024"]
[Site "Chess.com"]
[Date "2024.03.05"]
[Round "1"]
[White "AungTZ"]
[Black "Bilan_Danila"]
[Result "0-1"]
[WhiteElo "2021"]
[BlackElo "2540"]
[TimeControl "180+1"]
[EndTime "14:06:11 PST"]
[Termination "Bilan_Danila won by resignation"]

1. e4 c6 2. d4 d5 3. Nc3 b5 4. a3 e6 5. Nf3 b4 6. axb4 Bxb4 7.
e5 a5 8. Bd3 Ba6 9. O-O Ne7 10.
Na4 Bxd3 11. Qxd3 Nf5 12. Bg5 Be7 13. Bxe7 Qxe7 14. Nb6 Ra6 15. Na4 O-O 16. Nc5 Ra7 17. h3 Nd7 18. b4 Nxc5 19. bxc5 a4 20. Ra3 Qb7 21. c3 Rb8 22. Rfa1 Qb2 23. g4 Ne7 24. Ng5 Ng6 25. Rxa4 Qxa1+ 26. Rxa1 Rxa1+ 27. Kg2 Nf4+ 0-1

[Event "Late-Titled-Tuesday-Blitz-March-05-2024"]
[Site "Chess.com"]
[Date "2024.03.05"]
[Round "1"]
[White "GMG"]
[Black "szachmistrz2500"]
[Result "1-0"]
[WhiteElo "2727"]
[BlackElo "2431"]
[TimeControl "180+1"]
[EndTime "14:06:14 PST"]
[Termination "GMG won by resignation"]

1. Nf3 c5 2. c4 g6 3. d4 cxd4 4.
Nxd4 Nc6 5. e4 Bg7 6. Be3 Nf6 7. Nc3 d6 8. Be2 O-O 9. O-O Nxd4 10. Bxd4 Be6 11.
f4 Rc8 12. b3 a6 13. f5 Bd7 14. a4 Bc6 15. Rc1 Nd7 16. Be3 Ne5 17. Nd5 Bxd5 18.
Qxd5 Qc7 19. b4 Qc6 20. b5 axb5 21. cxb5 Qxd5 22. exd5 gxf5 23. a5 e6 24. a6 bxa6 25. b6 Ng4 26. Bxg4 fxg4 27. dxe6 Rxc1 28. Rxc1 d5 29. e7 Re8 30. b7 Be5 31. Rc8 1-0

[Event "Late-Titled-Tuesday-Blitz-March-05-2024"]
[Site "Chess.com"]
[Date "2024.03.05"]
[Round "1"]
[White "Zq1"]
[Black "Hudijegszid"]
[Result "0-1"]
[WhiteElo "2612"]
[BlackElo "2339"]
[TimeControl "180+1"]
[EndTime "14:06:16 PST"]
[Termination "Hudijegszid won by resignation"]

1. d4 Nf6 2. c4 e6 3. Nf3 Bb4+ 4. Bd2 Bxd2+ 5. Qxd2 d5 6. Nc3 O-O 7. e3 Qe7 8. Rc1 Nbd7 9. cxd5 exd5 10. Be2 c6 11. O-O Re8 12. h3 Nf8 13. a3 a5 14. Na4 Ne4 15.
Qc2 Bf5 16. Qb3 g5 17. Rfd1 Ng6 18. Nc5 Nxc5 19. dxc5 Rab8 20. Qc3 a4 21. Rd4 h5 22. Rxa4 g4 23. Nd4 Bd7 24. hxg4 hxg4 25. g3 Ne5 26. Kg2 Kg7 27. Rh1 Rh8 28. Rxh8 Rxh8 29. Ra7 Qg5 30. f4 Qh5 31. Kf2 Qh1 32. Bf1 Rh2+ 33. Ke1 Qe4 34.
Nxc6 Qb1+ 0-1

[Event "Late-Titled-Tuesday-Blitz-March-05-2024"]
[Site "Chess.com"]
[Date "2024.03.05"]
[Round "1"]
[White "martinmena"]
[Black "Smoking_Crow"]
[Result "0-1"]
[WhiteElo "2288"]
[BlackElo "2606"]
[TimeControl "180+1"]
[EndTime "14:06:16 PST"]
[Termination "Smoking_Crow won on time"]

1. c4 c5 2. g3 Nf6 3. Bg2 d5 4. cxd5 Nxd5 5. Nc3 Nc7 6. e3 Nc6 7.
Nge2 e5 8. O-O Be7 9. a3 O-O 10. Qc2 Be6 11. b3 Qd7 12. Rd1 Bf5 13. e4 Bg4 14. f3 Be6 15. f4 Bg4 16. d3 Nd4 17. Qb2 Bf6 18. f5 Ncb5 19. Nxb5 Nxe2+ 20. Kh1 Nxc1 21.
Rdxc1 Qxb5 22. Rc4 Rad8 23. Qc2 b6 24. h3 Be2 25. Qxe2 Qxb3 26. Bf1 Rd7 27. Qc2 Qxc2 28. Rxc2 Bg5 29. Rc4 Be3 30. a4 Bd4 31. Ra2 g6 32. g4 Kg7 33. Be2 Kf6 34. Kg2 h5 35. Kg3 hxg4 36.
fxg6 gxh3 37. Kxh3 fxg6 38. Bg4 Rh7+ 39. Kg3 Rfh8 40.
Rac2 Rh1 41. Kg2 Rg1+ 0-1

[Event "Late-Titled-Tuesday-Blitz-March-05-2024"]
[Site "Chess.com"]
[Date "2024.03.05"]
[Round "1"]
[White "XeresLt"]
[Black "kenta1234"]
[Result "0-1"]
[WhiteElo "2475"]
[BlackElo "2808"]
[TimeControl "180+1"]
[EndTime "14:06:20 PST"]
[Termination "kenta1234 won by resignation"]

1. e4 e5 2. Nf3 Nc6 3. Bc4 Nf6 4. d3 Bc5 5. O-O d6 6. c3 a6 7. a4 h6 8. Re1 Ba7 9. b4 g5 10. Ra2 g4 11. Nfd2 h5 12. Nf1 h4 13.
Be3 Rg8 14. Bxa7 Rxa7 15. Ne3 Kf8 16. Qb3 Qe7 17. Nd5 Nxd5 18. exd5 Nb8 19. d4 f6 20.
Rae2 Bf5 21. Nd2 Nd7 22. f4 gxf3 23. Nxf3 h3 24. Nh4 Bh7 25. Rf1 hxg2 26. Rxg2 Rxg2+ 27. Nxg2 Qg7 28. Qd1 Ke7 29. Bd3 Ra8 30. Bxh7 Qxh7 31. Qg4 Rg8 32. Qe6+ Kd8 33. Kh1 Qg6 34. Nh4 Qe4+ 35.
Nf3 Qg4 36. Qxg4 Rxg4 37. h3 Rf4 38. Kg2 Nb6 39. dxe5 fxe5 40. Rd1 Nxa4 41. c4 Rxc4 42. h4 Ke7 43. Kg3 Nc3 44. Rd2 Ne4+ 0-1

[Event "Late-Titled-Tuesday-Blitz-March-05-2024"]
[Site "Chess.com"]
[Date "2024.03.05"]
[Round "1"]
[White "Practical-Play"]
[Black "PawnEatingZombie"]
[Result "1-0"]
[WhiteElo "2563"]
[BlackElo "2165"]
[TimeControl "180+1"]
[EndTime "14:06:21 PST"]
[Termination "Practical-Play won by resignation"]

1. e4 d6 2. d4 Nf6 3. Nc3 e5 4. Nf3 Nbd7 5. g4 Nxg4 6. Rg1 Ngf6 7. Bc4 h6 8. Be3 c6 9. Bb3 b5 10. d5 b4 11. dxc6 bxc3 12. cxd7+ Qxd7 13. bxc3 Bb7 14. Nd2 Nxe4 15. Nxe4 Bxe4 16. Qe2 Bc6 17. Rd1 Qb7 18. Rg3 g6 19. f4 Bg7 20. f5 g5 21. Rxd6 O-O 22. f6 Bf3 23. Rxf3 1-0

[Event "Late-Titled-Tuesday-Blitz-March-05-2024"]
[Site "Chess.com"]
[Date "2024.03.05"]
[Round "1"]
[White "bazar-wokzal"]
[Black "rionelG"]
[Result "1-0"]
[WhiteElo "2585"]
[BlackElo "2220"]
[TimeControl "180+1"]
[EndTime "14:06:22 PST"]
[Termination "bazar-wokzal won by resignation"]

1. e4 c5 2. c3 Nf6 3. e5 Nd5 4. d4 cxd4 5. cxd4 d6 6. Bc4 Nb6 7. Bb3 e6 8. Nf3 Nc6 9. Qe2 dxe5 10. dxe5 Be7 11. Nc3 O-O 12. h4 Nd4 13. Nxd4 Qxd4 14. Bg5 Bb4 15. Rh3 Nd5 16. Rd1 Bxc3+ 17. bxc3 Qc5 18.
Bc2 Bd7 19. Qe4 g6 20. h5 Nxc3 21. Qh4 Nxd1 22. hxg6 Qxf2+ 23. Qxf2 Nxf2 24. gxh7+ 1-0

[Event "Late-Titled-Tuesday-Blitz-March-05-2024"]
[Site "Chess.com"]
[Date "2024.03.05"]
[Round "1"]
[White "xakevicius91"]
[Black "jinxy2009"]
[Result "1-0"]
[WhiteElo "2570"]
[BlackElo "2182"]
[TimeControl "180+1"]
[EndTime "14:06:22 PST"]
[Termination "xakevicius91 won by resignation"]

1. e4 c5 2. Nf3 Nc6 3. Bc4 e6 4. O-O Nf6 5. Re1 Be7 6. e5 Nd5 7. d4 Nb6 8. Bf1 cxd4 9. Nxd4 O-O 10. Nc3 Nxd4 11. Qxd4 d6 12. Rd1 dxe5 13. Qxe5 Bd7 14. Bd3 Bf6 15. Qe4 g6 16. Qxb7 Qc8 17. Qf3 Bg7 18.
Bf4 Bc6 19. Qg3 Nd5 20. Nxd5 Bxd5 21. c3 Qb7 22. Rd2 Be4 23. Bf1 Rfd8 24. Rad1 Rd5 25. f3 Bf5 26. Rxd5 exd5 27. Rd2 Rd8 28. Be5 Qe7 29.
Bxg7 Kxg7 30. Qf2 Qf6 31. Qd4 Qxd4+ 32. Rxd4 Kf6 33. Kf2 Ke6 34. g4 Bb1 35. a3 Rb8 36. Rd2 Ba2 37. h4 a5 38. Bd3 a4 39. Ke3 Bb3 40. Kd4 Kd6 41. Re2 Kd7 42. f4 Kd6 43. f5 Kd7 44. g5 Rb6 45. Re5 Ra6 46. Bxa6 1-0

[Event "Late-Titled-Tuesday-Blitz-March-05-2024"]
[Site "Chess.com"]
[Date "2024.03.05"]
[Round "1"]
[White "Superfelix"]
[Black "kalxandria"]
[Result "1/2-1/2"]
[WhiteElo "2552"]
[BlackElo "2168"]
[TimeControl "180+1"]
[EndTime "14:06:22 PST"]
[Termination "Game drawn by agreement"]

1. e4 e6 2. d4 d5 3. Bd3 c5 4.
exd5 Qxd5 5. Nf3 cxd4 6. O-O Nc6 7. c3 Bc5 8. cxd4 Nxd4 9. Nxd4 Bxd4 10. Nc3 Bxc3 11. bxc3 Bd7 12. c4 Qc6 13. Qe2 Nf6 14. Bb2 O-O 15. Rab1 Rfe8 16. Bxf6 gxf6 17. Qg4+ Kf8 18.
Qh4 Ke7 19. Be4 Qxc4 20. Rfc1 Qa4 21. Rxb7 Rab8 22. Rbc7 Rbc8 23. Rxc8 Rxc8 24. Re1 Rc4 25. f3 Bc6 26. Qxh7 Bxe4 27. fxe4 Qxa2 28. h3 Rc2 29. Qg7 a5 30. Rf1 Qb2 31. h4 a4 32.
h5 a3 33. h6 a2 34. h7 a1=Q 35.
Rxa1 Qxa1+ 36. Kh2 Rc1 37. h8=Q Rh1+ 38. Kg3 Qe5+ 39. Kf2 Rxh8 40. Qxh8 Qf4+ 41. Kg1 Qxe4 42. Qb8 Qd4+ 43. Kf1 f5 44. Qc8 Qf4+ 45. Kg1 Qd4+ 46.
Kf1 Qf4+ 1/2-1/2

[Event "Late-Titled-Tuesday-Blitz-March-05-2024"]
[Site "Chess.com"]
[Date "2024.03.05"]
[Round "1"]
[White "ural58"]
[Black "FabianoCaruana"]
[Result "0-1"]
[WhiteElo "2524"]
[BlackElo "3057"]
[TimeControl "180+1"]
[EndTime "14:06:24 PST"]
[Termination "FabianoCaruana won by resignation"]

1. e4 e6 2. d4 d5 3. Nc3 Nf6 4. Bg5 dxe4 5. Nxe4 Be7 6. Nxf6+ Bxf6 7. Bxf6 Qxf6 8.
Nf3 Bd7 9. Qd2 c5 10. O-O-O cxd4 11. Qxd4 Qxd4 12. Nxd4 Ke7 13. f4 Rd8 14. Be2 Nc6 15.
Bf3 Nxd4 16. Rxd4 Rab8 17. Rhd1 b6 18. c4 a5 19. Kc2 Ba4+ 20. b3 Rxd4 21. Rxd4 Bd7 22.
Kc3 Rc8 23. g3 f6 24. a3 Be8 25. b4 axb4+ 26. axb4 Rc7 27. Rd2 Ra7 28. Kb3 Bg6 29. c5 bxc5 30. bxc5 e5 31. fxe5 fxe5 32. Bd5 Be8 33. Be4 h6 34. Rd5 Bf7 35. Kb4 Bxd5 36. Bxd5 Kd7 37. Kc4 Ra4+ 38. Kc3 Rd4 39. Bf3 Kc7 40.
Be2 Kc6 0-1

[Event "Late-Titled-Tuesday-Blitz-March-05-2024"]
[Site "Chess.com"]
[Date "2024.03.05"]
[Round "1"]
[White "KorolDimitriy75"]
[Black "mac0504"]
[Result "0-1"]
[WhiteElo "2424"]
[BlackElo "2722"]
[TimeControl "180+1"]
[EndTime "14:06:25 PST"]
[Termination "mac0504 won on time"]

1. d4 Nf6 2. c4 g6 3. Nc3 Bg7 4.
e4 O-O 5. Nf3 d6 6. Be2 Nc6 7. d5 Nb8 8. O-O c6 9. Re1 Na6 10. Bg5 Bg4 11. h3 Bxf3 12. Bxf3 h6 13. Bh4 cxd5 14. exd5 Rc8 15. Qe2 Re8 16. Rac1 Nc5 17.
b3 Qa5 18. Qd2 a6 19. Re2 b5 20. Bxf6 Bxf6 21. Ne4 Qxd2 22. Nxf6+ exf6 23. Rxd2 b4 24. g3 Kg7 25. h4 f5 26. Kg2 Kf6 27. Rdd1 Rc7 28.
Ra1 a5 29. Rdb1 g5 30. hxg5+ hxg5 31. a3 g4 32. Bd1 Rce7 33. axb4 axb4 34. Ra5 Rh8 35.
Rb5 Re1 36. Rb6 Reh1 37. Rxd6+ Ke5 0-1

[Event "Late-Titled-Tuesday-Blitz-March-05-2024"]
[Site "Chess.com"]
[Date "2024.03.05"]
[Round "1"]
[White "terrortoast"]
[Black "Antipov_Mikhail_Al"]
[Result "0-1"]
[WhiteElo "2515"]
[BlackElo "2946"]
[TimeControl "180+1"]
[EndTime "14:06:26 PST"]
[Termination "Antipov_Mikhail_Al won by resignation"]

1. d4 Nf6 2. c4 e6 3. Nc3 Bb4 4. e3 c5 5. Ne2 O-O 6. a3 Bxc3+ 7. Nxc3 b6 8. d5 d6 9. Bd3 exd5 10. cxd5 Ba6 11.
Bxa6 Nxa6 12. O-O Re8 13. e4 Nxe4 14. Nxe4 Rxe4 15. Qd3 Ra4 16. b3 Ra5 17. Bd2 c4 18. Qxc4 Rc8 19. Qe2 Rxd5 20. Qxa6 Rxd2 21. Qxa7 Rcc2 22.
Rac1 Rxc1 23. Rxc1 g6 24. g3 Kg7 25. Rc7 Qe8 26.
Re7 Rd1+ 27. Kg2 Qc6+ 28. Kh3 Qf3 29. Qxb6 Rd5 0-1

[Event "Late-Titled-Tuesday-Blitz-March-05-2024"]
[Site "Chess.com"]
[Date "2024.03.05"]
[Round "1"]
[White "igorkovalenko"]
[Black "Lion_DL"]
[Result "1-0"]
[WhiteElo "2936"]
[BlackElo "2510"]
[TimeControl "180+1"]
[EndTime "14:06:27 PST"]
[Termination "igorkovalenko won by checkmate"]

1. e4 c5 2. Nc3 a6 3. g3 b5 4. Bg2 Bb7 5. Nge2 e6 6. O-O d5 7. exd5 exd5 8. Nf4 Nf6 9. Re1+ Be7 10. d4 c4 11. Bd2 O-O 12. a3 Ra7 13. Qf3 b4 14.
axb4 Bxb4 15. Nh5 Nbd7 16. Bg5 Qb6 17. Nxf6+ Nxf6 18. Bxf6 Qxf6 19. Qxf6 gxf6 20. Re3 Rd8 21. Ne2 Bc6 22. Nf4 Bd2 23. Rf3 Bxf4 24. Rxf4 Kg7 25. Rf5 a5 26. g4 a4 27. c3 Rb7 28. Ra2 Rdb8 29. Bxd5 Bxd5 30. Rxd5 Rxb2 31. Rxa4 Rc2 32. Rxc4 Rbb2 33. Rf5 Rb3 34. Rf3 Kg6 35. Rc5 Kg7 36. h3 Kg6 37. Kg2 h6 38. Rc6 Kg5 39. Rcxf6 Rcxc3 40. R3f5+ Kh4 41. Rh5# 1-0

[Event "Late-Titled-Tuesday-Blitz-March-05-2024"]
[Site "Chess.com"]
[Date "2024.03.05"]
[Round "1"]
[White "SameerMujumdar"]
[Black "AlexTruskavetsky"]
[Result "1-0"]
[WhiteElo "2444"]
[BlackElo "2709"]
[TimeControl "180+1"]
[EndTime "14:06:29 PST"]
[Termination "SameerMujumdar won by checkmate"]

1. e4 c5 2. Nf3 Nc6 3. d4 cxd4 4. Nxd4 Nf6 5. Nc3 e6 6. Ndb5 Bb4 7. Nd6+ Ke7 8. Nxc8+ Rxc8 9. Bd3 d6 10. Bd2 a6 11.
O-O Bc5 12. Kh1 b5 13. a3 Qb6 14.
Bg5 h6 15. Bh4 g5 16. Bg3 h5 17. h4 Ng4 18. Qe2 Nd4 19. Qd2 Rcg8 20. b4 Nc6 21. bxc5 Qxc5 22. Rae1 gxh4 23. Bxh4+ Kd7 24. f4 Nh6 25.
Bg5 h4 26. e5 d5 27. f5 h3 28. g3 Ng4 29. fxe6+ fxe6 30. Qf4 Qxc3 31. Qxg4 Nxe5 32.
Qf4 Nxd3 33. cxd3 Rf8 34. Qd2 Rxf1+ 35. Rxf1 Qe5 36. Rf7+ Kc6 37. Qc2+ Kb6 38. Bf4 Qa1+ 39.
Kh2 Ka5 40. Bc7# 1-0

[Event "Late-Titled-Tuesday-Blitz-March-05-2024"]
[Site "Chess.com"]
[Date "2024.03.05"]
[Round "1"]
[White "OverallStranger"]
[Black "madstalk3rs"]
[Result "0-1"]
[WhiteElo "2356"]
[BlackElo "2646"]
[TimeControl "180+1"]
[EndTime "14:06:29 PST"]
[Termination "madstalk3rs won by resignation"]

1. e4 c5 2. Nc3 Nc6 3. Bb5 Nd4 4. Nf3 a6 5. Bd3 g6 6. b4 d6 7. Rb1 Bg7 8. O-O Nf6 9. bxc5 dxc5 10. Nxd4 cxd4 11.
Ne2 O-O 12. f3 Nd7 13. c3 Ne5 14. Bc2 d3 15. Bb3 dxe2 16. Qxe2 Qd3 17. Qxd3 Nxd3 18.
Ba3 Re8 19. f4 Bd7 20. Rf3 Bc6 21. Bd5 Ba4 22. Bb3 Bxb3 23. axb3 Rad8 24. Kf1 e5 25. g3 exf4 26. gxf4 Rxe4 27. f5 Rf4 28. Rxf4 Nxf4 29. d4 gxf5 30. Rb2 Nd5 31. Rf2 f4 32. Bb2 b5 33. Ke1 b4 34. c4 Ne3 35. Rxf4 Ng2+ 36. Kf2 Nxf4 37. Kf3 Bxd4 38. Bc1 Ne6 39. h4 Bc3 40. Ke2 Nd4+ 41. Kf2 Nxb3 42. Bg5 f6 0-1

[Event "Late-Titled-Tuesday-Blitz-March-05-2024"]
[Site "Chess.com"]
[Date "2024.03.05"]
[Round "1"]
[White "Attacker_2006"]
[Black "Yurovskykh_Oleksandr"]
[Result "0-1"]
[WhiteElo "2362"]
[BlackElo "2650"]
[TimeControl "180+1"]
[EndTime "14:06:30 PST"]
[Termination "Yurovskykh_Oleksandr won by resignation"]

1. e4 e6 2. d4 d5 3. exd5 exd5 4. Nf3 Bd6 5. Bd3 Nc6 6. O-O Nge7 7. Re1 O-O 8. Bg5 f6 9. Bd2 Bf5 10. Bxf5 Nxf5 11.
c3 Nce7 12. Be3 c6 13. g4 Nxe3 14. Rxe3 Qd7 15. h3 Ng6 16. Nbd2 Nf4 17. Ne1 Rae8 18. Qf3 Rxe3 19. fxe3 Ng6 20. Nf1 f5 21. g5 Qe7 22. Qh5 f4 23. Qg4 fxe3 24. Ng2 e2 25. Nd2 Nf4 26. Re1 Nxg2 27. Kxg2 Rf4 28. Qxe2 Qxg5+ 29. Kh1 Bf8 30. Qe6+ Kh8 31. Qe2 Qf5 32. Rf1 Qxh3+ 33.
Qh2 Rxf1+ 0-1

[Event "Late-Titled-Tuesday-Blitz-March-05-2024"]
[Site "Chess.com"]
[Date "2024.03.05"]
[Round "1"]
[White "Balla_Tamas"]
[Black "JoakimVonAnd"]
[Result "0-1"]
[WhiteElo "2411"]
[BlackElo "2704"]
[TimeControl "180+1"]
[EndTime "14:06:31 PST"]
[Termination "JoakimVonAnd won by resignation"]

1. e4 c6 2. d4 d5 3. e5 c5 4.
Nf3 cxd4 5. Nxd4 Nc6 6. Nxc6 bxc6 7. c4 e6 8. Bd3 Bc5 9. O-O Ne7 10. cxd5 cxd5 11.
Bg5 h6 12. Bh4 O-O 13. Nc3 Rb8 14. b3 Bd4 15. Rc1 Bxe5 16. Re1 Bf4 17. Rc2 Bd6 18. Nb5 Bb4 19. Re3 Ba6 20. a4 Bxb5 21. axb5 Rc8 22. Rg3 Rxc2 23. Bxc2 Qc7 24. Bf6 Ng6 25. Bb2 Qf4 26. Bxg6 fxg6 27. Rxg6 Qxf2+ 0-1

[Event "Late-Titled-Tuesday-Blitz-March-05-2024"]
[Site "Chess.com"]
[Date "2024.03.05"]
[Round "1"]
[White "FMJoseHerrera"]
[Black "Defenstrator"]
[Result "1-0"]
[WhiteElo "2782"]
[BlackElo "2452"]
[TimeControl "180+1"]
[EndTime "14:06:32 PST"]
[Termination "FMJoseHerrera won by resignation"]

1. Nf3 e6 2. g3 g5 3. h3 Bg7 4. d3 h6 5. Bg2 f5 6. Nc3 Nf6 7. e4 O-O 8. Be3 d5 9. exf5 exf5 10. Qd2 Nc6 11. Ne2 Re8 12. O-O-O Be6 13. Ned4 Bd7 14. Nb3 b6 15. Kb1 a5 16. h4 g4 17.
Nfd4 Nxd4 18. Nxd4 c5 19. Ne2 d4 20. Bxh6 Rxe2 21.
Qxe2 Bxh6 22. Bxa8 Qxa8 23. Qe7 Qc6 24. Rhe1 Bf8 25.
Qd8 Be6 26. Re5 Nd5 27. Rde1 Bf7 28. Rxf5 Nb4 29. Rg5+ Kh7 30. Qxf8 Bxa2+ 31. Kc1 1-0